Map: Daybreak LE (Void)

Players

Nerchio

  • Race: Zerg Zerg
  • League: Master
  • Spawn Location: 1:00

SpeCial - Winner!

  • Race: Terran Terran
  • League: Grandmaster
  • Spawn Location: 7:00

Event: NationWars IV

VOD

Have the link to the VOD?

Description

Time

  • Played on: Jan. 5, 2017, 4:56 p.m.
  • Length: 26:10

All games in this series

Show
View Real Time Build Order
Export as new Build Order

Nerchio Zerg 

Build Orders: Pool First 

Get SALT Encoding   

  12  0:00  Drone  
  13  0:12  Overlord  
  13  0:17  Drone  
  14  0:30  Drone x2  
  14  0:34  Drone  
  17  0:45  Spawning Pool  
  17  0:49  Drone  
  17  1:10  Hatchery  
  16  1:13  Drone  
  16  1:16  Extractor  
  16  1:18  Drone  
  17  1:21  Drone  
  18  1:32  Queen  
  20  1:35  Zergling x2  
  20  1:38  Drone  
  22  1:49  Overlord  
  22  2:07  Drone, Queen  
  25  2:13  Drone  
  26  2:18  Metabolic Boost  
  26  2:22  Drone x2  
  28  2:28  Queen  
  29  2:32  Drone  
  29  2:35  Overlord  
  30  2:39  Drone  
  30  2:41  Drone  
  30  2:43  Drone  
  33  2:47  Drone  
  33  2:48  Drone  
  35  2:56  Zergling x2  
  35  2:57  Zergling x2  
  37  3:07  Overlord  
  37  3:08  Drone  
  38  3:15  Drone  
  38  3:16  Drone  
  38  3:18  Drone  
  41  3:20  Hatchery  
  41  3:22  Overlord  
  40  3:27  Drone x2  
  40  3:28  Drone  
  43  3:36  Queen  
  45  3:41  Zergling x2  
  45  3:43  Zergling x2, Roach Warren  
  45  3:47  Zergling x2  
  45  3:48  Drone x2  
  49  3:53  Evolution Chamber  
  48  4:00  Extractor  
  48  4:02  Drone x2  
  49  4:03  Overlord  
  49  4:07  Drone  
  49  4:08  Drone x4  
  54  4:12  Drone  
  54  4:13  Drone  
  56  4:18  Overlord  
  56  4:26  Drone  
  56  4:27  Lair  
  56  4:30  Extractor, Drone x3  
  59  4:33  Drone x2  
  59  4:35  Drone  
  62  4:39  Zerg Ground Armor Level 1  
  62  4:40  Extractor  
  61  4:50  Overlord x2  
  61  4:54  Drone  
  61  4:55  Drone x3  
  61  4:56  Overlord  
  65  5:05  Spine Crawler, Drone  
  65  5:08  Drone x4  
  65  5:11  Drone  
  65  5:12  Evolution Chamber  
  65  5:13  Drone  
  70  5:18  Queen  
  72  5:23  Roach  
  72  5:24  Roach x2  
  72  5:27  Glial Reconstitution  
  78  5:35  Drone x2  
  77  5:37  Roach x2  
  77  5:39  Overlord  
  77  5:40  Overseer  
  77  5:42  Overlord  
  81  5:55  Infestation Pit  
  81  5:56  Drone  
  81  6:00  Drone x9  
  81  6:01  Drone  
  86  6:06  Drone x3  
  86  6:08  Overlord  
  89  6:15  Zerg Melee Weapons Level 1  
  89  6:18  Drone x3  
  92  6:19  Roach x2  
  92  6:24  Overlord x2  
  96  6:26  Overlord  
  96  6:28  Roach x2  
  96  6:31  Extractor x2  
  96  6:32  Infestor  
  98  6:34  Infestor  
  102  6:44  Spore Crawler, Hatchery  
  102  6:45  Roach x2  
  104  6:53  Drone x6  
  110  6:54  Overlord  
  110  6:59  Zerg Ground Armor Level 2  
  109  7:09  Drone x6  
  109  7:10  Drone x2  
  114  7:22  Roach x3  
  119  7:29  Ravager  
  122  7:30  Ravager x3  
  122  7:31  Roach x7  
  137  7:39  Overlord  
  137  7:40  Overlord  
  137  7:44  Overlord x2  
  137  7:51  Drone  
  137  7:58  Extractor  
  136  8:07  Roach  
  136  8:08  Zergling x20, Roach  
  148  8:20  Zerg Melee Weapons Level 2  
  148  8:23  Hive  
  148  8:24  Baneling Nest, Zergling x8  
  148  8:26  Ravager x2  
  153  8:27  Queen  
  153  8:28  Overlord, Drone  
  153  8:29  Drone x4  
  153  8:30  Drone  
  153  8:33  Spine Crawler  
  160  8:35  Zergling x4  
  160  8:36  Zergling x2  
  160  8:37  Zergling x2  
  160  8:38  Baneling Nest  
  160  8:52  Queen  
  155  8:58  Infestor, Zergling x8  
  155  8:59  Infestor  
  155  9:00  Burrow  
  155  9:02  Hatchery  
  161  9:06  Zergling x4  
  161  9:07  Zergling x16, Spine Crawler  
  170  9:13  Overlord  
  169  9:23  Overlord  
  169  9:24  Centrifical Hooks  
  169  9:25  Overlord x2  
  167  9:32  Queen  
  164  9:46  Zergling x12  
  164  9:47  Zergling x20  
  177  10:00  Spire  
  177  10:01  Zerg Ground Armor Level 3  
  177  10:02  Drone  
  177  10:03  Drone  
  177  10:04  Ultralisk Cavern  
  177  10:07  Baneling x6  
  177  10:08  Baneling x12  
  177  10:11  Pneumatized Carapace  
  177  10:16  Ravager  
  177  10:17  Ravager  
  160  10:36  Zergling x2  
  160  10:37  Zergling x12  
  163  10:50  Chitinous Plating  
  163  10:51  Ultralisk  
  163  10:52  Ultralisk x4  
  163  10:56  Ultralisk  
  199  11:03  Zerg Melee Weapons Level 3  
  199  11:18  Baneling x4  
  199  11:19  Baneling x6  
  199  11:22  Baneling x7  
  199  11:31  Hatchery  
  198  11:42  Overseer x2  
  192  12:15  Corruptor  
  192  12:16  Corruptor x3  
  199  12:31  Zerg Flyer Armor Level 1  
  199  12:32  Extractor  
  199  12:34  Corruptor x3  
  200  12:42  Drone  
  200  12:43  Drone  
  200  12:53  Extractor  
  176  13:13  Corruptor x2  
  176  13:15  Overlord  
  176  13:16  Overlord x2  
  180  13:26  Spawning Pool  
  170  13:27  Drone  
  170  13:28  Drone x7  
  170  13:32  Drone x3  
  178  13:40  Corruptor x7  
  178  13:41  Spawning Pool  
  190  13:47  Drone x6  
  191  13:53  Extractor, Corruptor x2  
  191  13:55  Drone x3  
  195  14:06  Drone x9  
  195  14:15  Spawning Pool  
  195  14:16  Drone x8  
  198  14:24  Drone x3  
  200  14:39  Spore Crawler  
  200  14:40  Spore Crawler x2, Drone x2  
  200  14:41  Spore Crawler x2, Drone  
  200  14:45  Greater Spire  
  198  14:46  Zerg Missile Weapons Level 1  
  198  14:55  Overseer x2  
  198  15:08  Zergling x4  
  199  15:31  Hatchery  
  197  15:36  Zergling x4  
  197  15:38  Spore Crawler x2  
  197  15:39  Spore Crawler x3  
  181  16:06  Zergling x2  
  181  16:07  Zergling x6  
  167  16:14  Zergling x4, Corruptor x2  
  167  16:15  Viper, Corruptor x4  
  167  16:16  Viper x2  
  190  16:21  Spore Crawler  
  190  16:22  Spore Crawler  
  190  16:23  Baneling  
  190  16:24  Infestor x2, Baneling x3, Queen  
  194  16:27  Brood Lord  
  194  16:28  Brood Lord  
  194  16:30  Overseer x2  
  198  16:33  Overlord  
  196  16:48  Brood Lord x3  
  196  16:51  Zergling x8  
  200  16:59  Zerg Flyer Weapons Level 1  
  199  17:10  Drone x2  
  190  17:25  Drone x9  
  190  17:29  Spore Crawler x2  
  197  17:33  Spore Crawler x2, Overseer  
  197  17:34  Overseer  
  197  17:35  Infestor  
  185  17:39  Baneling x4  
  185  17:40  Baneling x8  
  183  18:01  Corruptor x5  
  193  18:15  Drone x2  
  187  18:26  Brood Lord x5  
  197  18:53  Zerg Flyer Armor Level 2  
  185  18:56  Corruptor x3  
  185  18:57  Corruptor  
  189  19:04  Overlord x2  
  189  19:34  Drone x4  
  191  19:45  Corruptor  
  191  19:46  Corruptor x3  
  199  19:54  Hatchery  
  198  20:08  Infestor  
  200  20:34  Viper x2  
  197  20:39  Corruptor  
  199  21:08  Zerg Flyer Weapons Level 2  
  198  21:38  Infestor  
  186  21:50  Viper x2  
  192  22:00  Infestor  
  178  22:02  Brood Lord x3  
  178  22:03  Brood Lord  
  178  22:04  Zergling x26  
  195  22:44  Zergling x12  
  183  22:51  Zergling x2  
  183  22:52  Zergling x16  
  183  22:57  Zergling x8  
  150  23:03  Corruptor  
  150  23:05  Corruptor  
  139  23:07  Zergling x2, Queen  
  139  23:08  Zergling x2, Queen x3  
  127  23:13  Zergling x2  
  127  23:16  Ultralisk x2  
  127  23:18  Ultralisk  
  128  23:38  Corruptor  
  128  23:40  Corruptor  
  131  23:58  Corruptor, Hatchery  
  132  24:04  Corruptor  
  134  24:11  Zergling x12  
  140  24:20  Corruptor  
  142  24:33  Extractor  
  142  24:36  Extractor  
  140  24:39  Infestor  
  140  24:43  Zergling x18  
  140  24:44  Zergling x4  
  143  25:10  Ultralisk  
  143  25:12  Corruptor  
  143  25:13  Corruptor x2  
  129  25:26  Corruptor  
  123  25:47  Zergling x2  
  126  25:53  Zergling x4  
  126  25:54  Hatchery  
Show
View Real Time Build Order
Export as new Build Order

SpeCial Terran - Winner!

Build Orders: Reaper Expand, MMM Bio 

Get SALT Encoding   

  12  0:00  SCV  
  13  0:12  SCV  
  14  0:18  Supply Depot  
  14  0:25  SCV  
  15  0:29  Refinery  
  15  0:39  SCV  
  16  0:46  Barracks  
  16  0:51  SCV  
  17  1:03  SCV  
  18  1:15  SCV  
  19  1:33  Orbital Command, Reaper  
  20  1:45  Command Center  
  20  1:57  Factory  
  20  1:59  SCV  
  21  2:09  Refinery, Barracks Reactor  
  21  2:12  SCV  
  22  2:21  Supply Depot  
  22  2:24  SCV  
  23  2:42  Starport  
  23  2:43  SCV  
  24  2:54  Hellion x2, Marine  
  29  3:00  SCV  
  29  3:05  Orbital Command  
  30  3:13  SCV  
  30  3:14  Barracks Tech Lab  
  30  3:18  Hellion  
  33  3:21  Hellion  
  33  3:25  SCV  
  36  3:30  Viking  
  36  3:33  SCV  
  39  3:37  SCV  
  40  3:41  Supply Depot  
  40  3:45  SCV  
  41  3:49  SCV  
  42  4:00  SCV  
  42  4:01  SCV  
  44  4:06  Command Center  
  44  4:09  Raven  
  44  4:14  Barracks Tech Lab  
  44  4:16  Supply Depot, SCV x2  
  52  4:29  SCV  
  53  4:33  Marine, Stimpack  
  53  4:35  SCV  
  51  4:41  SCV  
  51  4:45  Barracks  
  51  4:47  Factory Reactor, SCV  
  51  4:48  Barracks  
  51  4:49  Supply Depot  
  51  4:50  Marine  
  53  4:54  SCV  
  52  5:00  Engineering Bay  
  52  5:01  Engineering Bay  
  52  5:03  SCV  
  52  5:06  SCV  
  52  5:08  Marine  
  52  5:12  Supply Depot  
  53  5:20  Orbital Command  
  53  5:21  Starport Reactor, SCV x2  
  54  5:26  Barracks  
  54  5:27  Barracks  
  55  5:33  SCV x2  
  55  5:36  Factory Reactor, Marine x2  
  55  5:39  Terran Infantry Weapons Level 1, Terran Infantry Armor Level 1  
  55  5:42  Refinery  
  57  5:44  Marine  
  57  5:45  Marine, Refinery  
  57  5:49  SCV x2  
  61  5:50  Marine  
  61  5:54  Marine  
  63  5:58  Supply Depot  
  63  5:59  Marine  
  63  6:00  Medivac x2  
  63  6:02  Marine  
  63  6:04  Orbital Command  
  69  6:05  SCV x2  
  69  6:10  Marine  
  72  6:14  Marine  
  72  6:15  Barracks Reactor x2  
  72  6:16  Marine  
  74  6:20  Supply Depot  
  74  6:21  SCV x2  
  74  6:24  Marine x2  
  78  6:27  Marine  
  78  6:29  SCV  
  80  6:33  Marine, SCV x2  
  80  6:34  Combat Shields, Marine, Medivac  
  80  6:35  Medivac  
  88  6:41  SCV  
  88  6:42  Marine  
  88  6:44  Marine  
  88  6:45  Marine  
  92  6:48  SCV x2  
  92  6:51  Marine  
  92  6:53  SCV  
  94  6:55  Marine x3  
  94  6:56  Marine x2  
  94  7:00  Marine, SCV, Armory  
  101  7:02  Marine  
  101  7:04  Medivac  
  101  7:05  Medivac  
  106  7:13  Marine x2  
  104  7:17  Siege Tank  
  104  7:18  Marine x2  
  109  7:23  Supply Depot  
  109  7:26  Marine  
  109  7:32  Marine  
  109  7:33  SCV x3  
  113  7:38  Barracks  
  113  7:43  Barracks x2  
  113  7:45  SCV x3  
  113  7:48  Marine x4  
  120  7:57  Marine x5  
  125  8:04  Supply Depot x2  
  125  8:09  Terran Infantry Weapons Level 2  
  125  8:10  Terran Infantry Armor Level 2  
  125  8:13  Terran Vehicle Weapons Level 1  
  125  8:18  Marine  
  125  8:23  Supply Depot  
  125  8:25  Marine x5, Supply Depot  
  125  8:26  Barracks Tech Lab  
  125  8:27  Marine, Refinery  
  130  8:28  Marine  
  132  8:36  Medivac x2, Siege Tank  
  132  8:39  Barracks Tech Lab  
  139  8:45  Marine  
  139  8:46  Marauder  
  139  8:47  Marine x3  
  127  8:48  Marine  
  127  8:53  Marine  
  125  8:59  Marine x5  
  125  9:00  Marine  
  131  9:03  Marine  
  131  9:05  Marine x2  
  131  9:06  Marine, Medivac x2  
  131  9:07  Marauder  
  141  9:14  Marine  
  142  9:19  Command Center, Marine x2  
  142  9:20  Marine x2  
  146  9:25  Marauder, Marine x5  
  146  9:26  Marine  
  146  9:28  Marine  
  155  9:31  Factory Reactor  
  155  9:33  Supply Depot  
  155  9:34  Marine  
  155  9:35  Supply Depot  
  156  9:45  Marauder  
  155  9:48  Marine  
  155  9:49  Marauder, Marine x2  
  155  9:52  Marine x3  
  138  9:53  Marauder, Medivac  
  138  9:54  Medivac  
  138  9:59  SCV  
  145  10:00  SCV x2  
  145  10:01  Marine x3  
  145  10:06  Marauder  
  151  10:07  Marine x2  
  151  10:09  Concussive Shells  
  151  10:10  Marauder  
  151  10:11  Widow Mine  
  151  10:12  SCV  
  160  10:14  Marauder, Widow Mine  
  160  10:20  SCV x2  
  153  10:34  Marine, Medivac x2  
  153  10:35  Marauder, Marine  
  144  10:37  Marine x3  
  144  10:38  Marauder, Marine x2  
  149  10:43  Marine x3  
  149  10:44  Marauder  
  149  10:47  Liberator x2  
  149  10:49  Starport  
  147  10:52  Marine x2, Widow Mine x2  
  147  10:55  Marine x4  
  147  10:56  Marine  
  158  11:00  Marine  
  158  11:01  Marine  
  158  11:07  SCV x3  
  158  11:09  Planetary Fortress  
  167  11:21  Marine x2  
  167  11:22  Marine x5  
  167  11:23  Marine x2, Widow Mine x2  
  180  11:26  SCV  
  180  11:27  Starport Reactor  
  180  11:29  Refinery  
  180  11:31  Refinery  
  180  11:33  Marine, Sensor Tower  
  180  11:34  Liberator  
  180  11:39  Marine  
  180  11:47  Medivac  
  180  11:50  Refinery  
  180  11:52  Widow Mine  
  187  12:05  Liberator, Widow Mine  
  184  12:09  Marine x2  
  184  12:10  Marauder  
  184  12:11  Liberator  
  188  12:17  Liberator  
  188  12:18  Liberator  
  188  12:20  Ghost Academy  
  185  12:33  Marine  
  185  12:34  Marauder, Marine  
  188  12:41  Command Center  
  188  12:45  Terran Infantry Weapons Level 3  
  188  12:48  Liberator  
  188  12:54  Liberator  
  188  12:58  Marine  
  188  12:59  Marauder  
  188  13:00  Marauder, Liberator  
  188  13:01  Marine x2  
  185  13:13  Ghost  
  188  13:20  Liberator  
  188  13:21  Command Center  
  188  13:26  Ghost  
  187  13:32  Liberator  
  187  13:38  Ghost  
  187  13:49  Terran Ship Weapons Level 1  
  187  13:52  Ghost  
  187  13:54  Ghost, Viking  
  192  14:00  Viking  
  192  14:06  Ghost  
  194  14:11  Personal Cloaking  
  189  14:21  Ghost  
  189  14:23  Ghost  
  193  14:24  Command Center  
  193  14:29  Ghost  
  193  14:30  Liberator x2  
  193  14:35  Ghost  
  188  14:49  Ghost  
  188  14:51  Ghost  
  198  14:54  Orbital Command, Supply Depot  
  198  15:04  Ghost x2  
  200  15:09  Planetary Fortress  
  190  15:32  Starport  
  190  15:33  Fusion Core  
  190  15:36  Ghost x2  
  190  15:37  Ghost  
  190  15:39  Liberator x2  
  194  15:44  Command Center  
  194  15:47  Missile Turret, Refinery x2  
  191  16:00  Missile Turret  
  184  16:11  Ghost  
  184  16:12  Ghost  
  188  16:24  Command Center  
  188  16:28  Missile Turret x2  
  188  16:33  Starport Tech Lab  
  193  17:02  Viking x5  
  188  17:14  Marauder, Marine x3  
  193  17:19  Terran Infantry Armor Level 3  
  193  17:20  Hi-Sec Auto Tracking  
  189  17:23  Missile Turret  
  189  17:24  Missile Turret  
  189  17:25  Missile Turret  
  189  17:27  Missile Turret  
  189  17:41  Marauder, Marine x2  
  189  17:42  Marauder x2, Marine  
  198  17:44  Terran Ship Weapons Level 2  
  198  17:49  Orbital Command x2  
  198  18:05  Liberator  
  198  18:08  Raven  
  198  18:11  Missile Turret, Corvid Reactor  
  198  18:12  Starport  
  200  18:14  Starport  
  181  18:22  Viking x2  
  188  18:33  Missile Turret  
  188  18:41  Marauder x3, Marine x4  
  196  18:46  Command Center  
  196  18:47  Orbital Command  
  198  18:51  Raven  
  199  19:02  Viking x2  
  200  19:04  Starport Tech Lab x2  
  199  19:19  Missile Turret  
  199  19:20  Missile Turret  
  199  19:27  Unknown x14  
  199  19:28  Armory  
  199  19:30  Recalibrated Explosives  
  196  19:44  Medivac  
  198  19:53  Raven  
  197  20:06  Missile Turret  
  197  20:08  Marauder, Missile Turret, Marine  
  200  20:21  Missile Turret  
  200  20:23  Missile Turret  
  200  20:25  Missile Turret  
  200  20:26  Missile Turret  
  185  20:39  Orbital Command  
  185  20:42  Medivac x2  
  179  20:47  Missile Turret  
  178  21:03  Marauder, Marine x2  
  182  21:10  Unknown x9  
  182  21:11  Missile Turret  
  182  21:15  Marauder, Marine x3  
  185  21:21  Missile Turret  
  185  21:22  Raven x2, Missile Turret  
  185  21:23  Marauder, Marine x4  
  195  21:29  Command Center  
  194  21:33  Liberator x2  
  194  21:34  Liberator  
  186  21:51  Liberator  
  186  21:52  Liberator  
  184  22:02  Marine x2  
  184  22:03  Marauder  
  188  22:11  Raven x2  
  198  22:20  Missile Turret  
  198  22:22  Missile Turret x2  
  198  22:27  Command Center  
  184  22:51  Raven  
  184  22:54  Raven  
  184  22:55  Liberator x3  
  184  22:57  Marauder, Marine x2  
  174  23:09  Marine x2  
  174  23:10  Marauder, Unknown  
  174  23:11  Unknown, Marine x2  
  174  23:12  Marauder, Raven  
  177  23:14  Marine x2  
  177  23:15  Marauder  
  177  23:19  Marauder, Marine  
  180  23:27  Missile Turret  
  180  23:30  Ghost  
  180  23:32  Ghost  
  184  23:34  Raven  
  184  23:37  Raven  
  188  23:55  Raven  
  190  24:03  Viking  
  192  24:26  Missile Turret x2  
  192  24:28  Unknown x4, Missile Turret  
  190  24:46  Unknown  
  190  24:55  Raven x2, Viking x2  
  184  25:23  Marauder, Marine x2  
  184  25:25  Marauder, Marine  
  187  25:29  Viking x2  
  187  25:30  Missile Turret  
  187  25:31  Missile Turret  
  188  25:36  Medivac x2  
  189  26:00  Missile Turret x2  
  189  26:01  Refinery x2  
Tags
 
Add a new tag
Caveats
  • Supply blocks, unpowered buildings, or Contaminate may cause inaccurate times.
  • Supply counts are checked every 10 seconds.